 Dungeon Crawl Stone Soup version 0.28.0-43-g3370ac3207 (webtiles) character file.

Game seed: 2667552498367751848

18771 Cykl0x the Destroyer (level 12, -11/73 HPs)
             Began as a Gargoyle Earth Elementalist on Mar 1, 2022.
             Was a Believer of Vehumet.
             Mangled by a death yak simulacrum (16 damage)
             ... in an ice cave.
             The game lasted 00:21:50 (12724 turns).

Cykl0x the Destroyer (Gargoyle Earth Elementalist) Turns: 12724, Time: 00:21:51

Health: -11/73     AC: 23    Str: 15    XL:     12   Next: 62%
Magic:  13/25      EV: 10    Int: 18    God:    Vehumet [**....]
Gold:   705        SH:  6    Dex: 10    Spells: 20/29 levels left

rFire   . . .      SeeInvis .   r - +0 demon blade
rCold   + . .      Faith    .   m - +0 kite shield
rNeg    + . .      Spirit   .   A - +0 acid dragon scales
rPois   ∞          Reflect  .   k - +1 helmet
rElec   +          Harm     .   (no cloak)
rCorr   +          Rampage  .   v - +1 pair of gloves
Will    .....                   p - +2 pair of boots {Fly}
Stlth   +.........              i - amulet of magic regeneration
HPRegen 0.22/turn               b - ring of protection from cold
MPRegen 0.59/turn               z - ring of wizardry

@: flying
A: sickness immunity, AC +8, negative energy resistance 1, electricity
resistance, torment resistance 1, petrification resistance
a: Renounce Religion


You were in an ice cave.
You worshipped Vehumet.
Vehumet was pleased with you.
You visited 2 branches of the dungeon, and saw 13 of its levels.
You also visited: Ice Cave.

You collected 705 gold pieces.

Inventory:

Hand Weapons
 r - a +0 demon blade (weapon)
 y - a +1 dagger of venom
Missiles
 c - 459 stones
 G - 2 throwing nets
Armour
 k - a +1 helmet (worn)
 m - a +0 kite shield (worn)
 p - a +2 pair of boots of flying (worn)
 v - a +1 pair of gloves (worn)
 A - +0 acid dragon scales (worn)
Jewellery
 b - a ring of protection from cold (left hand)
 d - a +4 ring of protection
 i - an amulet of magic regeneration (around neck)
 o - an amulet of the acrobat
 z - a ring of wizardry (right hand)
Wands
 s - a wand of charming (8)
 t - a wand of flame (5)
 C - a wand of polymorph (7)
Scrolls
 g - 4 scrolls of teleportation
 n - a scroll of immolation
Potions
 e - 4 potions of curing
 h - a potion of brilliance
 j - a potion of haste
 l - 2 potions of resistance {unknown}
 q - 3 potions of lignification
 u - 2 potions of invisibility
 w - a potion of magic
 x - 3 potions of might {unknown}
 B - 2 potions of attraction {unknown}
 D - a potion of berserk rage {unknown}
 E - a potion of ambrosia {unknown}


   Skills:
 + Level 7.9 Fighting
 + Level 0.9(4.2) Short Blades
 + Level 6.7 Long Blades
 + Level 4.1 Armour
 + Level 3.7 Dodging
 - Level 2.1 Stealth
 + Level 0.4 Shields
 + Level 0.1 Unarmed Combat
 + Level 9.1 Spellcasting
 + Level 11.7 Conjurations
 - Level 0.7 Transmutations
 + Level 1.1 Air Magic
 + Level 10.5 Earth Magic
 + Level 1.0 Poison Magic


You had 20 spell levels left.
You knew the following spells:

 Your Spells              Type           Power      Damage    Failure   Level
a - Sandblast             Erth           92%        2d19      1%          1
b - Stone Arrow           Conj/Erth      96%        3d13      1%          3
c - Mephitic Cloud        Conj/Pois/Air  24%        N/A       8%          3
d - Poisonous Vapours     Pois/Air       24%        N/A       16%         2

Your spell library contained the following spells:

 Spells                   Type           Power      Damage    Failure   Level
 Searing Ray              Conj           100%       2d8       1%          2
 Passwall                 Tmut/Erth      23%        N/A       2%          2
 Freeze                   Ice            32%        1d5       16%         1
 Summon Small Mammal      Summ           32%        N/A       16%         1
 Petrify                  Tmut/Erth      28%        N/A       16%         4
 Call Canine Familiar     Summ           8%         N/A       43%         3
 Summon Guardian Golem    Hex/Summ       8%         N/A       43%         3
 Olgreb's Toxic Radiance  Pois           11%        N/A       69%         4
 Ice Form                 Ice/Tmut       9%         N/A       78%         4


Dungeon Overview and Level Annotations

Branches:
Dungeon (12/15)            Temple (1/1) D:7            Lair (0/6) D:8
  IceCv (1/1)
    Orc: D:9-12

Altars:
Ashenzari
Cheibriados
Dithmenos
Elyvilon
Gozag
Hepliaklqana
Kikubaaqudgha
Nemelex Xobeh
Okawaru
Qazlal
Ru
Sif Muna
Trog
Uskayaw
Vehumet
Xom
Yredelemnul
Zin
The Shining One

Portals:
Trove: D:10 (give 13 scrolls of teleportation)

Annotations:
D:12 Jorgrun IceCv 1 transporter


Innate Abilities, Weirdness & Mutations

You are immune to sickness and miasma.
Your stone body is resilient. (AC +8)
You are immune to poison.
You resist negative energy. (rN+)
You are resistant to electric shocks. (rElec)
You are resistant to unholy torment.
You are immune to petrification.


Message History

* * * LOW HITPOINT WARNING * * *
The polar bear simulacrum bites you but does no damage.
The polar bear simulacrum claws you but does no damage.
You block the polar bear simulacrum's attack.
The polar bear simulacrum barely misses you. x2
The polar bear simulacrum claws you but does no damage.
The death yak simulacrum closely misses you.
Okay, then.
Casting: Stone Arrow (safe; 1% risk of failure)
Confirm with . or Enter, or press ? or * to list all spells.
Aiming: Stone Arrow (safe; 1% risk of failure)
Press: ? - help, Shift-Dir - straight line, f - dire elephant simulacrum
Aim: a dire elephant simulacrum (100% to hit)
Okay, then.
Okay, then.
The polar bear simulacrum bites you but does no damage.
You block the polar bear simulacrum's attack.
The polar bear simulacrum claws you but does no damage.
The death yak simulacrum misses you.
Found a transporter.
You are too injured to fight recklessly!
You are too injured to fight recklessly!
Casting: Stone Arrow (safe; 1% risk of failure)
Confirm with . or Enter, or press ? or * to list all spells.
Aiming: Stone Arrow (safe; 1% risk of failure)
Press: ? - help, Shift-Dir - straight line, f - death yak simulacrum
Aim: a death yak simulacrum (100% to hit)
The stone arrow hits the death yak simulacrum!
The death yak simulacrum is moderately damaged.
The polar bear simulacrum bites you.
* * * LOW HITPOINT WARNING * * *
The polar bear simulacrum freezes you. You resist.
* * * LOW HITPOINT WARNING * * *
The polar bear simulacrum claws you.
* * * LOW HITPOINT WARNING * * *
The polar bear simulacrum freezes you! You resist.
* * * LOW HITPOINT WARNING * * *
You block the polar bear simulacrum's attack.
The death yak simulacrum gores you!
You die...

####
###...####
##........##
#......@...##
#......ZZZ..##
#.[..8.Z.....#
#8.$.........#
#©©[$....∩.∩.#
#8.(.........#
#.[..8.......#
#...........##
..........##


You could see a death yak simulacrum, a dire elephant simulacrum and 2 polar
bear simulacra.

Vanquished Creatures
  A hydra (D:11)
  5 two-headed ogres
  A deep elf pyromancer (D:10)
  A manticore (D:10)
  2 cyclopes
  4 gargoyles
  A freezing wraith (IceCv)
  2 rime drakes (D:12)
  Maggie (D:6)
  A guardian mummy (D:10)
  5 trolls
  Grinder (D:3)
  Sigmund (D:2)
  A wraith (D:10)
  2 wyverns
  19 yaks
  2 basilisks (D:8)
  2 vampire mosquitoes (D:11)
  A steam dragon (D:8)
  An acid dragon (D:8)
  3 water moccasins
  2 ice beasts
  3 black bears (D:7)
  A hornet zombie (D:5)
  2 sky beasts
  2 orc warriors
  5 necrophages
  4 ogres
  2 centaurs
  3 phantoms
  3 kobold brigands
  4 bullfrogs
  3 gnoll sergeants
  3 scorpions (D:6)
  A wyvern zombie (D:8)
  2 wyvern skeletons
  2 water moccasin zombies
  6 killer bees
  6 wights
  A howler monkey (D:8)
  6 centaur zombies
  A bullfrog zombie (D:5)
  2 jellies
  A centaur skeleton (D:7)
  4 orc priests
  5 hounds
  A human zombie (D:4)
  Jessica (D:3)
  2 iguanas
  8 orc wizards
  A hound zombie (D:4)
  A hound skeleton (D:4)
  5 mummies (D:4)
  6 gnolls (D:11)
  8 adders
  3 white imps
  3 ufetubi
  An adder zombie (D:4)
  An adder skeleton (D:4)
  A worm (D:2)
  2 dart slugs
  29 orcs
  7 bats
  8 endoplasms
  6 giant cockroaches
  2 goblins
  7 hobgoblins
  8 kobolds
  A quokka (D:3)
  7 ball pythons
  4 frilled lizards
  A quokka zombie (D:4)
  7 rats
262 creatures vanquished.

Vanquished Creatures (others)
  A yak (D:10)
1 creature vanquished.

Grand Total: 263 creatures vanquished

Notes
Turn   | Place    | Note
-------+----------+-------------------------------------------
     0 | D:1      | Cykl0x the Gargoyle Earth Elementalist began the quest for
                  | the Orb.
     0 | D:1      | Reached XP level 1. HP: 10/10 MP: 3/3
   494 | D:1      | Reached XP level 2. HP: 15/15 MP: 3/5
  1473 | D:2      | Reached skill level 1 in Conjurations
  1473 | D:2      | Reached XP level 3. HP: 19/19 MP: 1/6
  1477 | D:2      | Learned a level 3 spell: Stone Arrow
  1521 | D:2      | Found a faded altar of an unknown god.
  1984 | D:2      | Noticed Sigmund
  2022 | D:2      | Killed Sigmund
  2023 | D:2      | Reached skill level 2 in Conjurations
  2023 | D:2      | Reached skill level 5 in Earth Magic
  2023 | D:2      | Reached XP level 4. HP: 20/24 MP: 0/9
  2023 | D:2      | Reached XP level 5. HP: 23/28 MP: 0/10
  2447 | D:3      | Noticed Jessica
  2448 | D:3      | Killed Jessica
  2449 | D:3      | Reached XP level 6. HP: 32/32 MP: 7/11
  2635 | D:3      | Found a shadowy altar of Dithmenos.
  2769 | D:3      | Found a sparkling altar of Nemelex Xobeh.
  2773 | D:3      | Found a broken altar of Ashenzari.
  2778 | D:3      | Saw a vision of the Shoals and the Snake Pit.
  2778 | D:3      | Noticed a merfolk siren
  2778 | D:3      | Noticed a merfolk
  2778 | D:3      | Noticed a naga
  2778 | D:3      | Noticed a black mamba
  2778 | D:3      | Noticed a salamander
  2778 | D:3      | Noticed a naga mage
  2778 | D:3      | Noticed a merfolk
  2778 | D:3      | Noticed a merfolk
  2779 | D:3      | Noticed a merfolk
  2780 | D:3      | Noticed a naga sharpshooter
  2956 | D:3      | Found a sacrificial altar of Ru.
  2993 | D:3      | Reached skill level 3 in Conjurations
  3236 | D:3      | Noticed a sky beast
  3243 | D:3      | Noticed Grinder
  3263 | D:2      | Killed a sky beast
  3342 | D:3      | Killed Grinder
  3343 | D:3      | Reached skill level 4 in Conjurations
  3343 | D:3      | Reached XP level 7. HP: 31/37 MP: 2/13
  3809 | D:4      | Reached skill level 5 in Conjurations
  3901 | D:4      | Reached skill level 5 in Spellcasting
  3901 | D:4      | Reached XP level 8. HP: 42/42 MP: 9/15
  4014 | D:4      | Found a basalt altar of Yredelemnul.
  4172 | D:4      | Reached skill level 1 in Long Blades
  4500 | D:4      | Found an iron altar of Okawaru.
  4508 | D:4      | Found a shimmering blue altar of Sif Muna.
  4694 | D:4      | Reached skill level 1 in Fighting
  4808 | D:5      | Entered Level 5 of the Dungeon
  4876 | D:5      | Found a glowing silver altar of Zin.
  4909 | D:5      | Reached skill level 6 in Conjurations
  5139 | D:5      | Reached skill level 1 in Armour
  5146 | D:5      | Found an opulent altar of Gozag.
  5543 | D:5      | Reached XP level 9. HP: 48/48 MP: 12/17
  6198 | D:6      | Reached skill level 7 in Conjurations
  6257 | D:6      | Found a glowing golden altar of the Shining One.
  6295 | D:6      | Noticed Maggie
  6302 | D:6      | Killed Maggie
  6590 | D:6      | Got the Incunabulum of Freezing Poison
  6595 | D:6      | Learned a level 3 spell: Mephitic Cloud
  6916 | D:6      | Noticed a troll
  6919 | D:6      | Killed a troll
  6920 | D:6      | Reached skill level 8 in Conjurations
  6988 | D:6      | Reached XP level 10. HP: 48/56 MP: 19/19
  7368 | D:7      | Found a bloodstained altar of Trog.
  7658 | D:7      | Found a staircase to the Ecumenical Temple.
  7666 | Temple   | Entered the Ecumenical Temple
  7746 | Temple   | Became a worshipper of Vehumet
  8544 | D:8      | Found a staircase to the Lair.
  8891 | D:8      | Reached skill level 9 in Conjurations
  8911 | D:8      | Reached skill level 5 in Fighting
  9298 | D:9      | Identified the +1 robe "Forget-Me-Not" {-Cast rElec Int-3
                  | Dex+10}
  9313 | D:9      | Reached XP level 11. HP: 64/64 MP: 8/22
  9320 | D:9      | Reached * piety under Vehumet
  9320 | D:9      | Offered knowledge of Foxfire by Vehumet.
  9417 | D:9      | Noticed a two-headed ogre
  9422 | D:9      | Killed a two-headed ogre
  9423 | D:9      | Reached skill level 5 in Long Blades
  9423 | D:9      | Reached skill level 1 in Air Magic
 10245 | D:10     | Entered Level 10 of the Dungeon
 10344 | D:10     | Found a portal to a secret trove of treasure.
 10349 | D:10     | Reached skill level 10 in Conjurations
 10560 | D:10     | Found a stormy altar of Qazlal.
 10566 | D:10     | Noticed a manticore
 10591 | D:10     | Killed a manticore
 10611 | D:10     | Reached ** piety under Vehumet
 10611 | D:10     | Offered knowledge of Poisonous Vapours by Vehumet.
 10650 | D:10     | Learned a level 2 spell: Poisonous Vapours
 10775 | D:10     | Noticed a two-headed ogre
 10781 | D:10     | Killed a two-headed ogre
 10886 | D:10     | Noticed a deep elf pyromancer
 10923 | D:10     | Killed a deep elf pyromancer
 10926 | D:10     | Reached skill level 11 in Conjurations
 11095 | D:10     | Found a hide-covered altar of Uskayaw.
 11095 | D:10     | You are sucked into a shaft and drop 1 floor!
 11095 | D:11     | Noticed a two-headed ogre
 11099 | D:11     | Killed a two-headed ogre
 11100 | D:11     | Reached skill level 10 in Earth Magic
 11100 | D:11     | Reached skill level 1 in Poison Magic
 11100 | D:11     | Reached XP level 12. HP: 63/72 MP: 14/24
 11343 | D:11     | Noticed a two-headed ogre
 11352 | D:11     | Killed a two-headed ogre
 11461 | D:11     | Noticed a five-headed hydra
 11461 | D:11     | Noticed a two-headed ogre
 11468 | D:11     | Killed a five-headed hydra
 11471 | D:11     | Killed a two-headed ogre
 11611 | D:11     | Offered knowledge of Searing Ray by Vehumet.
 12345 | D:12     | Noticed Jorgrun
 12345 | D:12     | Noticed a two-headed ogre
 12351 | D:12     | Noticed a two-headed ogre
 12699 | D:12     | Found a frozen archway.
 12709 | IceCv    | Entered an ice cave
 12716 | IceCv    | HP: 3/73 [freezing wraith (11)]
 12722 | IceCv    | Found a transporter.
 12724 | IceCv    | Mangled by a death yak simulacrum

Illustrated notes

Levels and vault maps discovered:
D:1:      co_arrival_random_square_maze, layout_basic
D:2:      layout_basic, ebering_ecumenical_altar_abandoned, minmay_hexomino_f4,
          uniq_sigmund
D:3:      layout_loops_corners, grunt_dithmenos_smoke_and_mirrors,
          mainiacjoe_overflow_catwalk, grunt_ashenzari_visionary
          [grunt_ashenzari_visionary_shoals, grunt_ashenzari_visionary_snake],
          mainiacjoe_overflow_small_starburst, uniq_jessica, uniq_grinder
D:4:      layout_loops_corners, okawaru_gym_becter,
          nicolae_sif_muna_condensation, lemuel_mausoleum_altar_yredelemnul,
          kennysheep_generic_room_4
D:5:      layout_basic, lemuel_crystal_altar,
          nicolae_gozag_cash_rules_everything_around_me, serial_bayou_crossing
D:6:      minmay_octagon_keep, layout_basic,
          mainiacjoe_overflow_surrounded_room, uniq_maggie
D:7:      layout_basic, trog_ov_bears_minmay, minmay_temple_entry_ruins
D:8:      kennysheep_ambush_hall, layout_rooms, david_lair_generic
D:9:      layout_roguey
D:10:     layout_irregular_city, nicolae_uskayaw_suspiria,
          nicolae_qazlal_scattered_showers, serial_undead, serial_undead_e,
          serial_undead_e, serial_undead_a, serial_undead_c, serial_undead_e,
          serial_shops, nicolae_shop_behind_doors,
          nicolae_trove_entry_path_of_doom
D:11:     layout_long_grid
D:12:     layout_basic, erik_orc_4, portal_ice_cave_rime, serial_shops, shop,
          hangedman_parallel_progression, uniq_azrael, uniq_frances,
          uniq_jorgrun
Temple:   nicolae_temple_figure_zero
IceCv:    ice_cave_statue_garden_transporter

Skill      XL: |  1  2  3  4  5  6  7  8  9 10 11 12 |
---------------+-------------------------------------+-----
Earth Magic    | 4 5 6 7 8 9 10 | 10.5
Conjurations   | 1 2 4 5 6 8 9 11 | 11.7
Spellcasting   | 3 4 5 6 7 8 9 |  9.1
Long Blades    | 2 3 4 6 |  6.7
Fighting       | 1 3 5 7 |  7.9
Armour         | 1 2 3 4 |  4.1
Dodging        | 2 3 |  3.7
Air Magic      | 1 |  1.1
Poison Magic   | 1 |  1.0
Short Blades   | |  0.9
Stealth        | |  2.1
Shields        | |  0.4
Unarmed Combat | |  0.1
Transmutations | |  0.7

Action                   |  1- 3 |  4- 6 |  7- 9 | 10-12 || total
-------------------------+-------+-------+-------+-------++-------
Melee: Unarmed           |     9 |       |       |       ||     9
       Short sword       |     4 |     8 |       |       ||    12
       Long sword        |       |       |    22 |       ||    22
       Demon blade       |       |       |    96 |   241 ||   337
       Punch             |       |       |     2 |     5 ||     7
 Cast: Sandblast         |    30 |    11 |     1 |     2 ||    44
       Stone Arrow       |     7 |    32 |   133 |   196 ||   368
       Mephitic Cloud    |       |       |     1 |    16 ||    17
  Use: Scroll            |     2 |       |     6 |     8 ||    16
       Potion            |       |       |     1 |     3 ||     4
 Stab: Sleeping          |       |       |     1 |       ||     1
       Confused          |       |       |       |     7 ||     7
Armor: Robe              |     9 |     8 |       |       ||    17
       Leather armour    |       |       |    13 |       ||    13
       Ring mail         |       |       |    16 |       ||    16
       Steam dragon scal |       |       |    46 |    36 ||    82
       Acid dragon scale |       |       |       |   240 ||   240
Dodge: Dodged            |     8 |     9 |    62 |   171 ||   250
Block: Kite shield       |       |       |       |    19 ||    19
